 Dungeon Crawl Stone Soup version 0.28-a0-1565-g95a8017c83 (webtiles) character file.

Game seed: 17703535666830943979

51186 wilfster70 the Spear-Bearer (level 15, -15/107 HPs)
             Began as a Djinni Conjurer on Jan 18, 2022.
             Was an Initiate of Gozag.
             Demolished by a death knight (28 damage)
             ... on level 11 of the Dungeon on Jan 19, 2022.
             The game lasted 01:10:43 (28590 turns).

wilfster70 the Spear-Bearer (Djinni Conjurer)      Turns: 28590, Time: 01:10:44

Health: -15/107    AC: 12    Str:  9    XL:     15   Next: 1%
Gold:   3093       EV: 16    Int: 26    God:    Gozag SH:  6 Dex: 19

rFire   + + .      SeeInvis +   a - +6 trident (flame)
rCold   x . .      Faith    .   t - +0 buckler
rNeg    + . .      Spirit   .   x - +0 leather armour {Will+}
rPois   ∞          Reflect  .   C - +1 helmet {SInv}
rElec   .          Harm     .   c - +2 cloak
rCorr   .          Rampage  .   B - +2 pair of gloves {Str+3}
Will    ++...                   (boots unavailable)
Stlth   ++........              (no amulet)
HPRegen 0.27/turn               e - +6 ring of dexterity
MPRegen 0.00/turn               A - ring of positive energy

@: gold aura, flying, very slightly contaminated, slowed, very slow
A: sickness immunity, fire resistance 2, cold vulnerability 1, float, innate
caster, hp casting, extra vitality 1
a: Renounce Religion, Potion Petition, Call Merchant, Bribe Branch


You were on level 11 of the Dungeon.
You worshipped Gozag.
Gozag was most pleased with you.
You visited 3 branches of the dungeon, and saw 18 of its levels.

You collected 4815 gold pieces.
You spent 480 gold pieces at shops.
You paid 1242 gold pieces to Gozag.

Inventory:

Hand Weapons
 a - a +6 trident of flaming (weapon)
 b - a +1 hunting sling
Missiles
 g - 165 sling bullets
 h - 412 stones
 D - 2 throwing nets
Armour
 c - a +2 cloak (worn)
 t - a +0 buckler (worn)
 x - a +0 leather armour of willpower (worn)
 B - a +2 pair of gloves of strength (worn)
 C - a +1 helmet of see invisible (worn)
Jewellery
 e - a +6 ring of dexterity (left hand)
 A - a ring of positive energy (right hand)
Wands
 k - a wand of paralysis (15)
 p - a wand of digging (11)
 r - a wand of charming (6)
 w - a wand of mindburst (6)
 y - a wand of iceblast (5)
 z - a wand of flame (24)
 G - a wand of acid (2)
 H - a wand of polymorph (4)
Scrolls
 d - a scroll of fog
 n - 3 scrolls of teleportation
 s - 3 scrolls of magic mapping
 E - a scroll of enchant weapon
Potions
 f - 8 potions of curing
 i - 3 potions of brilliance
 j - a potion of cancellation
 l - 2 potions of might
 m - 4 potions of invisibility
 o - 5 potions of lignification
 q - 3 potions of haste
 u - 5 potions of heal wounds
 v - a potion of berserk rage
 F - a potion of mutation
 I - a potion of ambrosia {unknown}


   Skills:
 - Level 10.0 Fighting
 + Level 12.1 Polearms
 - Level 6.0 Armour
 - Level 8.0 Dodging
 - Level 1.5 Stealth
 - Level 4.0 Shields
 - Level 10.0 Spellcasting
 - Level 10.0 Evocations


You couldn't memorise any spells.
You knew the following spells:

 Your Spells              Type           Power      Damage    Failure   Level
a - Magic Dart            Conj           100%       1d8       1%          1
b - Searing Ray           Conj           100%       2d8       1%          2
c - Dazzling Flash        Conj/Hex       100%       N/A       1%          3
d - Fulminant Prism       Conj/Hex       30%        3d16      1%          4
e - Iskenderun's Mystic   Conj/Tloc      60%        2d13      1%          4
f - Pain                  Necr           100%       1d9       1%          1
g - Passwall              Tmut/Erth      50%        N/A       1%          2
h - Conjure Flame         Conj/Fire      60%        6-21      1%          3
i - Tukima's Dance        Hex            60%        N/A       1%          3
j - Irradiate             Conj/Tmut      30%        3d23      3%          5
k - Borgnjor's Vile Clut  Necr/Erth      30%        N/A       3%          5
l - Death Channel         Necr           30%        N/A       21%         6
Your spell library was empty.

Dungeon Overview and Level Annotations

Branches:
Dungeon (11/15)            Temple (1/1) D:6            Lair (6/6) D:11
  Swamp (0/4) Lair:2        Snake (0/4) Lair:3        Slime (0/5) Lair:5
    Orc (0/2) D:11

Altars:
Ashenzari
Cheibriados
Dithmenos
Elyvilon
Fedhas
Gozag
Hepliaklqana
Kikubaaqudgha
Makhleb
Nemelex Xobeh
Okawaru
Qazlal
Ru
Sif Muna
Trog
Uskayaw
Vehumet
Wu Jian
Xom
Yredelemnul
Zin
The Shining One
Jiyva
Lugonu

Shops:
D:10 [   Lair:4 (

Portals:
Abyss: Lair:6

Annotations:
D:5 Eustachio


Innate Abilities, Weirdness & Mutations

You are immune to sickness and miasma.
You are immune to poison.
Your flesh is very heat resistant. (rF++)
You are vulnerable to cold. (rC-)
You float through the air rather than walking.
You learn spells naturally, not from books.
Your magical power is your life essence.
You have superior vitality. (+4 MHP)


Message History

You reach to attack!
You hit the skeletal warrior. You burn the skeletal warrior.
The skeletal warrior is almost destroyed.
The zombie hands constrict the death knight!
The zombie hands constrict the skeletal warrior!
You destroy the skeletal warrior!
The death knight struggles to escape constriction.
You have reached level 15!
Your experience leads to an increase in your attributes!
Your base attributes are Str 6, Int 24, Dex 13.
Increase (S)trength, (I)ntelligence, or (D)exterity?
You feel clever. x2
The power to cast Death Channel wells up from within.
Spell assigned to 'l'.
Casting: Borgnjor's Vile Clutch (dangerous; 3% risk of failure)
Confirm with . or Enter, or press ? or * to list all spells.
You can't see any susceptible monsters within range! (Use Z to cast anyway.)
Casting: Borgnjor's Vile Clutch (dangerous; 3% risk of failure)
Confirm with . or Enter, or press ? or * to list all spells.
You erupt in a fountain of uncontrolled magic!
The freezing wraith is blasted with magical radiation!!
The freezing wraith is severely damaged.
You are very lightly contaminated with residual magic.
The zombie hands constrict the death knight, but do no damage.
The zombie hands release their grip on the death knight.
The freezing wraith misses you.
The freezing wraith hits you but does no damage.
The freezing wraith barely misses you. The freezing wraith hits you!
The freezing wraith drains your vigour!
You feel yourself slow down.
The death knight hits you from afar with a +3 halberd of protection.
The freezing wraith hits you! The freezing wraith freezes you!!
You feel a terrible chill!
* * * LOW HITPOINT WARNING * * *
The freezing wraith completely misses you.
The death knight mumbles some strange prayers to Yredelemnul against you.
You resist with almost no effort.
The freezing wraith hits you but does no damage. x2
The death knight hits you with a +3 halberd of protection!!
You die...
Your body crumbles into a pile of gold.

#.###..#####. .. #..#............
.....#.## # ####..............
##..###.# .##...............
##### ###### ##.###......####....
##.# #....# #.. #..............
##.# #....# #.# #......###.....
##.####....###.#####.............
[...............Wp...............
##..............@..........#.....
..#####....###.#####.....#.#.....
#.#####....# #.#####.....#.#...#.
...........# #...................
..#####....#########.............
#.# #.............[............
#.#####....#########.#..##.#.....
..........).....# #.#..##.#..#.#
#.#######..####.# #.#.....#..#..


You could see a death knight and a freezing wraith.

Vanquished Creatures
  5 hydras
  A boulder beetle (Lair:5)
  A catoblepas (Lair:6)
  3 two-headed ogres
  5 death yaks
  2 thrashing horrors (Lair:6)
  A skeletal warrior (D:11)
  A bog body (Lair:2)
  A phantasmal warrior (D:11)
  2 ugly things (Lair:6)
  Joseph (D:10)
  Maurice (D:10)
  3 black mambas
  A smoke demon (Lair:6)
  10 cane toads
  8 elephants
  10 komodo dragons
  2 unseen horrors (D:11)
  An ancient zyme (Lair:6)
  A polar bear (Lair:5)
  Prince Ribbit (D:5)
  2 large abominations (Lair:6)
  23 blink frogs
  A meliai zombie (D:11)
  4 ynoxinuls (Lair:6)
  A shadow (D:9)
  7 wyverns
  2 spriggans (Lair:6)
  A wraith (D:11)
  71 yaks
  2 vampire mosquitoes (D:11)
  A steam dragon (Lair:4)
  5 basilisks
  2 chaos spawn (Lair:6)
  A warg (D:11)
  18 water moccasins
  3 ice beasts
  11 small abominations (Lair:6)
  A sky beast (D:7)
  8 orc warriors
  A black bear (D:6)
  A hornet zombie (D:7)
  A necrophage (D:5)
  4 ogres
  3 wolves (Lair:6)
  4 centaurs
  2 phantoms
  A kobold brigand (D:6)
  12 bullfrogs
  A gnoll sergeant (D:11)
  4 scorpions
  A water moccasin zombie (D:6)
  17 killer bees
  5 wights (D:9)
  4 howler monkeys
  A lava snake (D:7)
  2 centaur zombies
  A bullfrog skeleton (D:5)
  A jelly (D:5)
  3 hounds
  6 orc priests
  2 centaur skeletons
  3 iguanas
  10 orc wizards
  Ijyb (D:4)
  10 hell rats
  A howler monkey zombie (D:9)
  4 gnolls
  A howler monkey skeleton (D:7)
  6 adders
  4 white imps
  An ufetubus (D:6)
  3 worms
  3 dart slugs
  39 orcs
  4 ball pythons
  3 bats
  5 endoplasms
  5 giant cockroaches
  8 goblins
  13 hobgoblins
  A quokka (D:1)
  A frilled lizard (D:3)
  5 kobolds
  A rat (D:2)
434 creatures vanquished.

Vanquished Creatures (others)
  A hell rat (Lair:6)
  A bush (D:11)
  10 fulminant prisms
  33 fungi
  57 plants
102 creatures vanquished.

Grand Total: 536 creatures vanquished

Notes
Turn   | Place    | Note
-------+----------+-------------------------------------------
     0 | D:1      | wilfster70 the Djinni Conjurer began the quest for the Orb.
     0 | D:1      | Reached XP level 1. HP: 15/15 MP: 0/0
   187 | D:1      | Reached XP level 2. HP: 13/21 MP: 0/0
   310 | D:1      | Found a faded altar of an unknown god.
   719 | D:1      | Reached XP level 3. HP: 14/25 MP: 0/0
   719 | D:1      | Learned a level 1 spell: Pain
  1600 | D:2      | You are sucked into a shaft and drop 2 floors!
  1618 | D:4      | Identified the +6 scale mail "Linnamo" {+Blink Dex+4}
  2060 | D:2      | Reached XP level 4. HP: 27/31 MP: 0/0
  2995 | D:3      | Noticed an ice beast
  3024 | D:3      | Killed an ice beast
  3025 | D:3      | Reached skill level 5 in Spellcasting
  3025 | D:3      | Reached XP level 5. HP: 10/35 MP: 0/0
  3025 | D:3      | Learned a level 2 spell: Passwall
  3619 | D:3      | Reached XP level 6. HP: 38/40 MP: 0/0
  4378 | D:4      | Noticed Ijyb
  4394 | D:4      | Killed Ijyb
  4752 | D:5      | Entered Level 5 of the Dungeon
  4756 | D:5      | Noticed an ice beast
  4766 | D:5      | Killed an ice beast
  4767 | D:5      | Reached XP level 7. HP: 18/45 MP: 0/0
  4767 | D:5      | Learned a level 3 spell: Conjure Flame
  5583 | D:4      | Reached skill level 1 in Fighting
  5755 | D:5      | Reached XP level 8. HP: 48/54 MP: 0/0
  6262 | D:5      | Noticed Eustachio
  6287 | D:5      | Noticed Prince Ribbit
  6300 | D:5      | Killed Prince Ribbit
  6830 | D:5      | Reached XP level 9. HP: 60/66 MP: 0/0
  6830 | D:5      | Learned a level 3 spell: Tukima's Dance
  7007 | D:6      | Reached skill level 5 in Dodging
  7243 | D:6      | Found a staircase to the Ecumenical Temple.
  7249 | Temple   | Entered the Ecumenical Temple
  7500 | Temple   | Became a worshipper of Gozag Ym Sagoz the Greedy
  8478 | D:6      | Reached skill level 1 in Evocations
  8698 | D:7      | Noticed a two-headed ogre
  9242 | D:7      | Killed a two-headed ogre
  9243 | D:7      | Reached XP level 10. HP: 33/72 MP: 0/0
  9517 | D:7      | Reached skill level 1 in Armour
 10937 | D:8      | Reached skill level 5 in Armour
 11229 | D:8      | Noticed a boulder beetle
 11939 | D:9      | Reached XP level 11. HP: 57/76 MP: 0/0
 11939 | D:9      | Learned a level 5 spell: Irradiate
 12377 | D:10     | Entered Level 10 of the Dungeon
 12812 | D:10     | Noticed a two-headed ogre
 12821 | D:10     | Killed a two-headed ogre
 13640 | D:10     | Noticed Joseph
 13641 | D:10     | Noticed Maurice
 13655 | D:10     | Killed Joseph
 13662 | D:10     | Killed Maurice
 14355 | D:11     | Found a staircase to the Orcish Mines.
 14511 | D:10     | Bought a pair of glowing gloves for 240 gold pieces
 14511 | D:10     | Bought a glowing helmet for 240 gold pieces
 14690 | D:11     | Reached skill level 10 in Spellcasting
 14690 | D:11     | Noticed a skeletal warrior
 14696 | D:11     | Noticed a death knight
 14877 | D:11     | Noticed a two-headed ogre
 14891 | D:11     | Killed a two-headed ogre
 15505 | D:11     | Reached XP level 12. HP: 26/84 MP: 0/0
 15915 | D:11     | Found a staircase to the Lair.
 16335 | D:11     | Identified the +2 pair of boots of the Maze {-Tele rElec
                  | Will+++ Dex+3}
 17046 | Lair:1   | Entered Level 1 of the Lair of Beasts
 17638 | Lair:1   | Upgraded the game from 0.28-a0-1555-g9ae15a6949 to
                  | 0.28-a0-1565-g95a8017c83
 18068 | Lair:1   | Noticed a four-headed hydra
 18074 | Lair:1   | Killed a four-headed hydra
 18075 | Lair:1   | Reached skill level 10 in Fighting
 18599 | Lair:2   | Found a staircase to the Swamp.
 19207 | Lair:2   | Reached XP level 13. HP: 82/96 MP: 0/0
 19207 | Lair:2   | Learned a level 5 spell: Borgnjor's Vile Clutch
 20307 | Lair:3   | Reached skill level 10 in Evocations
 20307 | Lair:3   | Reached skill level 1 in Polearms
 20469 | Lair:3   | Reached skill level 2 in Polearms
 20498 | Lair:3   | Reached skill level 3 in Polearms
 20816 | Lair:3   | Found a staircase to the Snake Pit.
 21188 | Lair:3   | Found a blossoming altar of Fedhas.
 21253 | Lair:4   | Reached skill level 4 in Polearms
 21436 | Lair:4   | Reached skill level 5 in Polearms
 21823 | Lair:4   | Noticed a seven-headed hydra
 21831 | Lair:4   | Killed a seven-headed hydra
 21876 | Lair:4   | Reached skill level 6 in Polearms
 23302 | Lair:5   | Noticed a seven-headed hydra
 23314 | Lair:5   | Killed a seven-headed hydra
 23315 | Lair:5   | Reached skill level 7 in Polearms
 23546 | Lair:5   | Found a hide-covered altar of Uskayaw.
 23546 | Lair:5   | Found an ornate altar of the Wu Jian Council.
 23546 | Lair:5   | Noticed a boulder beetle
 23560 | Lair:5   | Killed a boulder beetle
 23752 | Lair:5   | Noticed a five-headed hydra
 23760 | Lair:5   | Killed a five-headed hydra
 24061 | Lair:5   | Noticed an eight-headed hydra
 24069 | Lair:5   | Killed an eight-headed hydra
 24084 | Lair:5   | Reached skill level 8 in Polearms
 24084 | Lair:5   | Reached XP level 14. HP: 65/103 MP: 0/0
 24942 | Lair:5   | Found a viscous altar of Jiyva.
 24942 | Lair:5   | Found a staircase to the Slime Pits.
 25065 | Lair:6   | Entered Level 6 of the Lair of Beasts
 25268 | Lair:6   | Found a stormy altar of Qazlal.
 25311 | Lair:6   | Reached skill level 9 in Polearms
 25687 | Lair:6   | Reached skill level 10 in Polearms
 26584 | Lair:6   | Reached skill level 11 in Polearms
 27701 | Lair:6   | Found a corrupted altar of Lugonu.
 27701 | Lair:6   | Found a one-way gate to the infinite horrors of the Abyss.
 28206 | D:11     | Reached skill level 12 in Polearms
 28588 | D:11     | Reached XP level 15. HP: 76/107 MP: 0/0
 28588 | D:11     | Learned a level 6 spell: Death Channel
 28590 | D:11     | Demolished by a death knight

Illustrated notes

Levels and vault maps discovered:
D:1:      dpeg_arrival_leaves_temple_mockup, layout_basic,
          hellmonk_ecumenical_altar_pennies_from_heaven
D:2:      layout_basic, kennysheep_crisscross
D:3:      layout_loops_ring
D:4:      layout_rooms, minivault_26, uniq_ijyb
D:5:      layout_basic, uniq_prince_ribbit1, uniq_eustachio
D:6:      minmay_razor_zed, layout_loops_ring,
          minmay_temple_entry_enclosed_plants
D:7:      layout_cave_pods, nicolae_lava_and_water, lightli_minifort
D:8:      layout_basic
D:9:      layout_long_grid
D:10:     layout_gridville, lemuel_doored_altar, uniq_maurice, uniq_joseph
D:11:     layout_basic, minmay_lair_entry_grove, erik_orc_3
Temple:   mainiacjoe_temple_archimedes_tessellation
Lair:1:   layout_chaotic_city, beast_lair_carwin_2
Lair:2:   layout_regular_city, skrybe_swamp_entry_bodies,
          hangedman_lair_unloving_vines, chequers_serial_rivers_small_3,
          nicolae_quartered_pool_impasse, serial_bayou_shore_b
Lair:3:   layout_cave_shapes, guppyfry_snake_entry_garden, serial_bayou_pond_c,
          tgw_fedhas
Lair:4:   layout_hall_layers
Lair:5:   layout_cave_pods, dpeg_slime_entry_enclosed_altar,
          chequers_serial_rivers_large_b, nzn_masters_of_martial_movement,
          infiniplex_staircase_pool_2
Lair:6:   hellmonk_lair_end_abyssal_woods, layout_misc_corridors, basic_altar,
          serial_bayou_shore_b

Skill      XL: |  1  2  3  4  5  6  7  8  9 10 11 12 13 14 |
---------------+-------------------------------------------+-----
Spellcasting   | 4 5 6 7 10 | 10.0
Fighting       | 1 6 10 | 10.0
Dodging        | 3 8 |  8.0
Evocations     | 6 8 10 | 10.0
Armour         | 6 |  6.0
Shields        | 4 |  4.0
Polearms       | 8 12 | 12.1
Stealth        | |  1.5

Action                   |  1- 3 |  4- 6 |  7- 9 | 10-12 | 13-15 || total
-------------------------+-------+-------+-------+-------+-------++-------
Melee: Short sword       |     1 |       |       |    10 |       ||    11
       Dagger            |       |       |       |    34 |    54 ||    88
       Punch             |       |       |       |     1 |       ||     1
       Trident           |       |       |       |       |   294 ||   294
 Fire: Hunting sling     |       |    38 |     4 |       |       ||    42
 Cast: Magic Dart        |    44 |     9 |    12 |    37 |       ||   102
       Searing Ray       |     8 |    29 |    77 |   157 |     5 ||   276
       Iskenderun's Myst |       |       |    11 |    30 |     1 ||    42
       Fulminant Prism   |       |       |       |    10 |       ||    10
       Irradiate         |       |       |       |    39 |    48 ||    87
       Conjure Flame     |       |       |       |     1 |       ||     1
       Borgnjor's Vile C |       |       |       |       |    93 ||    93
Invok: Call Merchant     |       |       |       |     1 |     1 ||     2
  Use: Scroll            |     6 |     2 |     8 |    10 |    11 ||    37
       Potion            |       |     1 |     1 |     2 |       ||     4
 Stab: Sleeping          |     1 |       |       |       |     1 ||     2
       Distracted        |       |       |       |       |     5 ||     5
       Paralysed         |       |       |       |       |     3 ||     3
Armor: Robe              |     1 |     9 |    20 |    14 |       ||    44
       Leather armour    |       |       |       |    61 |   121 ||   182
Dodge: Dodged            |     5 |    11 |    73 |   243 |   302 ||   634
Block: Buckler           |       |       |       |       |    93 ||    93

Table legend: (Time is in decaauts)
 A = Elapsed time spent in this place.
 B = Non-inter-level travel time spent in this place.
 C = Inter-level travel time spent in this place.
 D = Time resting spent in this place.
 E = Time spent auto-exploring this place.
 F = Levels seen in this place.
 G = Mean time per level.
                   A        B        C        D        E       F      G
               +--------+--------+--------+--------+--------+-----+--------+
         Total |  28581 |  27870 |    711 |  11651 |   8559 |  18 | 1587.8 |
       Dungeon |  17194 |  16809 |    385 |   6089 |   6312 |  11 | 1563.1 |
        Temple |    266 |    251 |     15 |      0 |      6 |   1 |  266.0 |
          Lair |  11121 |  10810 |    311 |   5562 |   2241 |   6 | 1853.5 |
               +--------+--------+--------+--------+--------+-----+--------+

Top non-repeatable levels by time:
  Lair:5: 2935 daAuts
    D:11: 2827 daAuts
  Lair:6: 2388 daAuts
    D:10: 2243 daAuts
     D:7: 1873 daAuts
  Lair:2: 1782 daAuts
     D:4: 1622 daAuts
     D:1: 1577 daAuts
     D:6: 1541 daAuts
  Lair:1: 1489 daAuts
     D:5: 1485 daAuts
  Lair:4: 1413 daAuts
     D:3: 1389 daAuts
     D:9: 1140 daAuts
  Lair:3: 1111 daAuts
